[Event "*** Titled Tuesday Blitz"]
[Site "Chess.com"]
[Date "2021.04.06"]
[Round "6"]
[White "Nuvas"]
[Black "ajdemipopushi"]
[Result "1-0"]
[WhiteElo "2579"]
[BlackElo "2438"]
[TimeControl "180+1"]
[EndTime "11:08:06 PDT"]
[Termination "Nuvas won on time"]

1. d4 Nf6 2. c4 c5 3. d5 b5 4. cxb5 a6 5. bxa6 Bxa6 6. Nc3 g6 7. e4 Bxf1 8. Kxf1 d6 9. Nf3 Bg7 10. g3 Nbd7 11. Kg2 O-O 12. a4 Ra6 13. Bg5 Qa8 14.
Re1 Rb8 15. Rb1 h6 16. Bf4 Rb4 17. Bd2 Qb7 18. b3 e6 19. dxe6 fxe6 20. Qc2 g5 21. Kg1 g4 22. Nh4 Ne5 23. Bf4 Nfd7 24. Nb5 Qc6 25.
Bd2 Rxb5 26. axb5 Qxb5 27. Kh1 Bf6 28. Ng2 Nf3 29. Rec1 Nde5 30. Nf4 Kf7 31. Bc3 Bg5 32. Rd1 h5 33. Qe2 Qb7 34. b4 c4 35. h4 gxh3 36. Bxe5 Nxe5 37. Qxh5+ Kf6 38. Nxh3 Qg7 39. f4 1-0

[Event "*** Titled Tuesday Blitz"]
[Site "Chess.com"]
[Date "2021.04.06"]
[Round "6"]
[White "lucachess49"]
[Black "VladaSviridova"]
[Result "0-1"]
[WhiteElo "2407"]
[BlackElo "2231"]
[TimeControl "180+1"]
[EndTime "11:08:07 PDT"]
[Termination "VladaSviridova won by resignation"]

1. d4 d5 2. c4 c6 3. Nc3 Nf6 4. e3 e6 5. Nf3 Nbd7 6. Qc2 Bd6 7. Bd3 O-O 8. O-O dxc4 9. Bxc4 b5 10. Bd3 Bb7 11.
Rd1 Qc7 12. e4 e5 13. Ne2 a6 14. dxe5 Nxe5 15. Nxe5 Bxe5 16. f4 Qb6+ 17. Kh1 Ng4 18. Rf1 Bc7 19. Ng3 Rad8 20. e5 Rxd3 21. Qxd3 Nf2+ 22.
Rxf2 Qxf2 23. Be3 Qxb2 24. Bd4 Qb4 25. Nf5 Rd8 26. a3 Qa4 27. e6 fxe6 28. Nh6+ gxh6 29. Qg3+ Kf7 30. Qg7+ Ke8 31. Qg8+ Kd7 32. Qf7+ Kc8 33.
Qxe6+ Kb8 34. Qf6 Qxd4 0-1

[Event "*** Titled Tuesday Blitz"]
[Site "Chess.com"]
[Date "2021.04.06"]
[Round "6"]
[White "NaciSAN"]
[Black "googlegoom"]
[Result "0-1"]
[WhiteElo "2265"]
[BlackElo "2438"]
[TimeControl "180+1"]
[EndTime "11:08:08 PDT"]
[Termination "googlegoom won on time"]

1. e4 c5 2. Nf3 Nc6 3. Bb5 Qb6 4.
Bxc6 bxc6 5. d3 g6 6. Na3 Bg7 7.
Nc4 Qc7 8. e5 d5 9. exd6 exd6 10. O-O d5 11. Re1+ Ne7 12. Bh6 Bxh6 13. Nce5 O-O 14.
Qe2 Nf5 15. c3 Bg7 16. g4 Nd6 17. h3 Re8 18. Qd2 f5 19. g5 Bd7 20. Re2 Nf7 21. Nxf7 Kxf7 22. Rae1 Rxe2 23. Rxe2 Re8 24. Kg2 Qd6 25.
Rxe8 Bxe8 26. Qe3 d4 27. cxd4 Bxd4 28. Nxd4 cxd4 29. Qc1 Bd7 30. Qc4+ Be6 31. Qa6 Bd5+ 32. Kf1 Qe7 33. h4 f4 34. Qa4 Qc5 35. Qd1 f3 36. Qd2 Qe7 37. Qf4+ Kg8 38. Qxd4 Qe2+ 39. Kg1 Qe1+ 40.
Kh2 Qf1 41. Qg4 Qg2+ 0-1

[Event "*** Titled Tuesday Blitz"]
[Site "Chess.com"]
[Date "2021.04.06"]
[Round "6"]
[White "BanjoKazooieN64"]
[Black "TimKett"]
[Result "1/2-1/2"]
[WhiteElo "2456"]
[BlackElo "2243"]
[TimeControl "180+1"]
[EndTime "11:08:10 PDT"]
[Termination "Game drawn - insufficient material"]

1. e4 e5 2. Nf3 Nc6 3. Bc4 Nf6 4. Ng5 d5 5. exd5 Na5 6. Bb5+ c6 7. dxc6 bxc6 8.
Qf3 Be7 9. Bd3 O-O 10. O-O h6 11. Ne4 Nd5 12. Ng3 Nf4 13. Bf5 Bb7 14. d3 c5 15. Be4 Bxe4 16. dxe4 Bg5 17. Nc3 Nc6 18. Bxf4 exf4 19. Nf5 g6 20. Rad1 Ne5 21. Qh3 Qb6 22.
Nd5 Qxb2 23. Nxh6+ Kg7 24. Nf5+ gxf5 25. Qxf5 f6 26.
Ne7 Rh8 27. Nc6 f3 28. Nxe5 Qxe5 29. Rd7+ Kf8 30. Qxe5 fxe5 31. g3 Re8 32. Rxa7 Re7 33. Ra5 Reh7 34. h4 Bxh4 35. Ra8+ Ke7 36. Rxh8 Rxh8 37. gxh4 Rxh4 38. Re1 Rg4+ 39. Kf1 Rh4 40. Kg1 Rg4+ 41. Kh2 Rg2+ 42. Kh3 Rxf2 43. Rc1 Re2 44. Kg3 Rxe4 45. Kxf3 Ra4 46. Ra1 Rc4 47. Rc1 Ra4 48. Ra1 Rc4 49. a4 Rxc2 50. a5 Rd2 51. a6 Rd8 52. a7 Ra8 53. Ke4 Kd6 54. Ra6+ Kc7 55.
Kxe5 Kb7 56. Ra5 Rxa7 57. Rxc5 Kb6 58. Rd5 Ra5 59. Rxa5 Kxa5 1/2-1/2

[Event "*** Titled Tuesday Blitz"]
[Site "Chess.com"]
[Date "2021.04.06"]
[Round "6"]
[White "colegiodemadrid"]
[Black "Konek-Gorbunok"]
[Result "1-0"]
[WhiteElo "2499"]
[BlackElo "2331"]
[TimeControl "180+1"]
[EndTime "11:08:11 PDT"]
[Termination "colegiodemadrid won on time"]

1. e4 c5 2. Nf3 a6 3. Nc3 Nc6 4. d4 cxd4 5. Nxd4 e5 6. Nf5 d6 7.
Bc4 Bxf5 8. exf5 Nf6 9. O-O Be7 10. Nd5 Nxd5 11. Bxd5 O-O 12. c3 Rc8 13. Qb3 Qc7 14.
Rd1 Na5 15. Qc2 Nc4 16. Qe4 Na5 17. Be3 b5 18. a4 Nc4 19. axb5 axb5 20. Ra7 Qd8 21.
Rda1 Nxb2 22. Qb4 Nc4 23. Qxb5 Nxe3 24. fxe3 Rxc3 25. Rd7 Qc8 26. Rxe7 Rc1+ 27. Rxc1 Qxc1+ 28. Kf2 Qd2+ 29. Kf3 Qd1+ 30. Kg3 Qe1+ 31. Kg4 Qxe3 32. Bxf7+ Kh8 33. Qc4 h6 34. Re8 Qg5+ 35. Kf3 Qxf5+ 36. Ke2 Rxe8 37. Bxe8 Qg5 38. Bc6 Qf6 39. Be4 g6 40.
Qc7 Qf4 41. Qd8+ Kg7 42. Qe7+ Qf7 43. Qxd6 1-0

[Event "*** Titled Tuesday Blitz"]
[Site "Chess.com"]
[Date "2021.04.06"]
[Round "6"]
[White "kamilianin235"]
[Black "fabianvivasz"]
[Result "1-0"]
[WhiteElo "2265"]
[BlackElo "2402"]
[TimeControl "180+1"]
[EndTime "11:08:11 PDT"]
[Termination "kamilianin235 won on time"]

1. e4 e5 2. Nf3 Nc6 3. Bc4 Nf6 4. d3 Bc5 5. c3 O-O 6. a4 a6 7. Nbd2 d5 8. exd5 Nxd5 9. Ne4 Be7 10. O-O h6 11. Re1 Bg4 12. h3 Bh5 13. Ng3 Bg6 14.
Nxe5 Nxe5 15. Rxe5 Nb6 16. Be3 Bd6 17. Ra5 Nxc4 18.
dxc4 c6 19. b4 Qf6 20. Bd4 Qh4 21. Qf3 Bc7 22. Rf5 Rad8 23. Re1 Rxd4 24. cxd4 Bxg3 25. fxg3 Qxd4+ 26. Qf2 Qxc4 27. Rf4 Qd5 28. Qc5 Qb3 29. Rf3 Qxa4 30. Ref1 Qb5 31. h4 Qxc5+ 32. bxc5 Rd8 33. g4 f6 34. Rb3 Rd4 35. Rxb7 Rxg4 36. Rd1 Be4 37. Rd2 Rxh4 38. Kf2 Bd5 39. Re2 Rg4 40. g3 Rc4 41. Ree7 Rg4 42. Ra7 h5 43. Rxa6 1-0

[Event "*** Titled Tuesday Blitz"]
[Site "Chess.com"]
[Date "2021.04.06"]
[Round "6"]
[White "Olkaa"]
[Black "chesslh19"]
[Result "1-0"]
[WhiteElo "2642"]
[BlackElo "2244"]
[TimeControl "180+1"]
[EndTime "11:08:11 PDT"]
[Termination "Olkaa won by resignation"]

1. d4 Nf6 2. Nc3 d5 3. Bg5 Nbd7 4. Nf3 h6 5. Bh4 e6 6. e3 Be7 7. Bd3 b6 8. a4 a6 9. O-O Bb7 10. Ne5 O-O 11. f4 Ne4 12. Bxe7 Qxe7 13. Bxe4 dxe4 14. f5 Nxe5 15. dxe5 exf5 16. Rxf5 Rad8 17. Qe2 g6 18. Rf4 Qxe5 19. Raf1 Kg7 20. Qc4 Rd7 21. h4 h5 22. Ne2 Qc5 23. Qxc5 bxc5 24. Nc3 Rd2 25. R1f2 Rfd8 26. Rxf7+ Kg8 27. Rxc7 Rxf2 28. Kxf2 Bc8 29. Rxc5 Bf5 30. Rd5 Rb8 31. Nd1 Rc8 32. c3 Rc4 33. Rd4 Rc7 34. Ke2 Kf7 35. Kd2 Kf6 36. c4 Bg4 37.
Nc3 Bf5 38. Nd5+ 1-0

[Event "*** Titled Tuesday Blitz"]
[Site "Chess.com"]
[Date "2021.04.06"]
[Round "6"]
[White "Michaelson_11"]
[Black "MIJuanReyesRosa"]
[Result "0-1"]
[WhiteElo "2191"]
[BlackElo "1993"]
[TimeControl "180+1"]
[EndTime "11:08:11 PDT"]
[Termination "MIJuanReyesRosa won by resignation"]

1. e4 c5 2. Nc3 a6 3. g3 b5 4.
Bg2 Bb7 5. Nge2 e6 6. O-O d6 7. d4 cxd4 8. Nxd4 Qc7 9. Be3 Nf6 10. a3 Be7 11. f4 O-O 12. Qe2 Nbd7 13. f5 e5 14. Nb3 Nb6 15. g4 d5 16. g5 Nxe4 17.
Nxe4 dxe4 18. f6 Bd6 19. fxg7 Rfe8 20. Nd2 Nc4 21. Nxc4 Qxc4 22. Qf2 Rac8 23. Bh3 Rc7 24. Rad1 Bc5 25. Bxc5 Qxc5 26. Qxc5 Rxc5 27. Rd7 Bc8 28. Rdxf7 Bxh3 29. Rf8+ Kxg7 30. Rxe8 Rxc2 31. Re7+ Kg6 32. Rf6+ Kxg5 33. Ref7 e3 34. Rf3 Rc1+ 0-1

[Event "*** Titled Tuesday Blitz"]
[Site "Chess.com"]
[Date "2021.04.06"]
[Round "6"]
[White "ellennilssen"]
[Black "ChainsOfFantasia"]
[Result "0-1"]
[WhiteElo "2241"]
[BlackElo "2416"]
[TimeControl "180+1"]
[EndTime "11:08:12 PDT"]
[Termination "ChainsOfFantasia won by resignation"]

1. Nf3 Nf6 2. c4 e6 3. Nc3 d5 4. d4 Be7 5. cxd5 exd5 6. Bg5 O-O 7. e3 h6 8. Bh4 c6 9. Bd3 Re8 10. Qc2 Na6 11. a3 Be6 12. h3 Rc8 13. b4 Nb8 14.
O-O Nbd7 15. Qb2 b5 16. a4 a6 17. axb5 axb5 18. Ra6 Nb6 19. Ne5 Nfd7 20. Bxe7 Rxe7 21. Nxd7 Rxd7 22. Re1 Rb7 23. Ne2 Qd7 24. Nf4 Bf5 25.
Rc1 g5 26. Bxf5 Qxf5 27. Ne2 Nc4 28. Qa2 Kg7 29. Ng3 Qg6 30. Nf1 h5 31. Nd2 g4 32.
hxg4 hxg4 33. Nxc4 bxc4 34. Qa4 g3 35. f3 Re7 36. b5 Rxe3 37. Rxc6 Qh5 38. Rh6 Qxh6 0-1

[Event "*** Titled Tuesday Blitz"]
[Site "Chess.com"]
[Date "2021.04.06"]
[Round "6"]
[White "DonBroca"]
[Black "MaxLeto"]
[Result "1-0"]
[WhiteElo "2220"]
[BlackElo "2348"]
[TimeControl "180+1"]
[EndTime "11:08:12 PDT"]
[Termination "DonBroca won on time"]

1. e4 c5 2. Nf3 d6 3. d4 cxd4 4. Nxd4 Nf6 5. Nc3 a6 6. f3 e6 7. Be3 b5 8. Qd2 Nbd7 9. g4 h6 10. h4 b4 11. Na4 d5 12. O-O-O dxe4 13. g5 hxg5 14. Bxg5 Bb7 15. Bg2 Qa5 16. b3 O-O-O 17. fxe4 Nc5 18. e5 Nfe4 19. Bxe4 Nxe4 20. Qd3 Nxg5 21.
Qc4+ Qc7 22. Nb6+ Kb8 23. Nc6+ Qxc6 24. Rxd8+ Kc7 25. Rhd1 Qxc4 26. Nxc4 Ne4 27. R1d7+ Kc6 28. Na5+ Kb5 29. Nxb7 Rxh4 30. Nd6+ Bxd6 31. exd6 1-0

[Event "*** Titled Tuesday Blitz"]
[Site "Chess.com"]
[Date "2021.04.06"]
[Round "6"]
[White "mariofs"]
[Black "JQuiroga18"]
[Result "0-1"]
[WhiteElo "2213"]
[BlackElo "2418"]
[TimeControl "180+1"]
[EndTime "11:08:13 PDT"]
[Termination "JQuiroga18 won by checkmate"]

1. d4 Nf6 2. c4 c5 3. Nf3 e6 4. Nc3 cxd4 5. Nxd4 a6 6. e4 Qc7 7. Be3 b6 8. Be2 Bb7 9. f3 d6 10. O-O Nbd7 11. Rc1 Be7 12. a3 Rc8 13. Kh1 h5 14.
Qc2 h4 15. b3 h3 16. g3 Ne5 17.
Qd2 Qb8 18. Na4 Bd8 19. Bg1 Bc7 20. Qd1 Qa8 21. Qd2 Nxe4 22. Qe3 Ng4 23. Qf4 Nef6 24. Rce1 e5 25. Bd1 O-O 26. Qg5 exd4 27. Bxd4 Ne5 28. Qf4 Rfe8 29. Kg1 Ng6 30. Qf5 Rxe1 31. Rxe1 Re8 32.
Rxe8+ Qxe8 33. Kf2 Ne5 34. Nxb6 Bxb6 35. Bxb6 Qc6 36.
Bd4 Nfd7 37. Bxe5 Nxe5 38. g4 Qc5+ 39. Kg3 Qg1+ 40. Kxh3 Qxd1 41. Kg3 Qg1+ 42. Kf4 Qd4+ 43. Kg3 Nxf3 44. h3 Qg1+ 45. Kf4 Qh2+ 46. Ke3 Qd2# 0-1

[Event "*** Titled Tuesday Blitz"]
[Site "Chess.com"]
[Date "2021.04.06"]
[Round "6"]
[White "Nemsko"]
[Black "zala02"]
[Result "1-0"]
[WhiteElo "2305"]
[BlackElo "2143"]
[TimeControl "180+1"]
[EndTime "11:08:14 PDT"]
[Termination "Nemsko won by checkmate"]

1. e4 e5 2. Nf3 Nc6 3. Bb5 a6 4. Ba4 Nf6 5. O-O b5 6. Bb3 Be7 7. Re1 d6 8. c3 O-O 9. h3 Nb8 10. d4 Nbd7 11. Nbd2 Bb7 12. Bc2 Re8 13. Nf1 Bf8 14. Ng3 g6 15. Bg5 h6 16. Bd2 Bg7 17.
Qc1 Kh7 18. b3 Nb6 19. Bd3 c5 20. d5 c4 21. bxc4 bxc4 22. Bc2 Nfd7 23. Nh2 Nc5 24. Ng4 h5 25. Nh2 Bc8 26. Rb1 Bd7 27. Nf3 Rb8 28.
Ng5+ Kg8 29. Qd1 f6 30. Nf3 Ba4 31. Nh4 Kf7 32. Bxa4 Nbxa4 33. Rxb8 Qxb8 34. Nxg6 Qb2 35. Qxh5 Qxd2 36. Nxe5+ Kg8 37. Qxe8+ Kh7 38. Qh5+ Kg8 39.
Qf7+ Kh7 40. Nf5 Qg5 41. Ng4 Nd3 42. Re3 Ne5 43. Nxe5 dxe5 44. Rg3 Qc1+ 45. Kh2 Qh6 46. Rxg7+ Kh8 47. Qg8# 1-0

[Event "*** Titled Tuesday Blitz"]
[Site "Chess.com"]
[Date "2021.04.06"]
[Round "6"]
[White "Sibelephant"]
[Black "anon102030"]
[Result "1-0"]
[WhiteElo "3114"]
[BlackElo "2741"]
[TimeControl "180+1"]
[EndTime "11:08:15 PDT"]
[Termination "Sibelephant won on time"]

1. Nf3 d6 2. d4 g6 3. e4 Bg7 4. Nc3 Nc6 5. d5 Nb8 6. h3 Nf6 7. Bc4 Nbd7 8. O-O O-O 9. Re1 Nb6 10. Bf1 e5 11. dxe6 Bxe6 12. a4 Re8 13. a5 Nc4 14. Nd4 Ne5 15. a6 Bc8 16. Bf4 Nc6 17. axb7 Bxb7 18.
Ba6 Nxd4 19. Bxb7 Rb8 20. Rxa7 c5 21. Bd5 Nxd5 22. Nxd5 Rxb2 23. Ra6 Rxc2 24. Rxd6 Qa5 25. Bg5 Qa2 26. Nf6+ Bxf6 27. Rxf6 Kg7 28. Rf4 Ne2+ 29. Rxe2 Rxe2 30. Qd6 R2xe4 31. Qf6+ Kg8 32. Bh6 Re1+ 33. Kh2 1-0

[Event "*** Titled Tuesday Blitz"]
[Site "Chess.com"]
[Date "2021.04.06"]
[Round "6"]
[White "stanyga"]
[Black "NFork"]
[Result "1-0"]
[WhiteElo "2651"]
[BlackElo "2172"]
[TimeControl "180+1"]
[EndTime "11:08:15 PDT"]
[Termination "stanyga won on time"]

1. d4 d5 2. c4 dxc4 3. e3 e5 4. Bxc4 exd4 5. Nf3 Bd6 6. Qxd4 Nf6 7. Nc3 O-O 8. h3 Nc6 9. Qh4 Bf5 10. O-O Ne4 11. Nxe4 Qxh4 12. Nxh4 Bxe4 13. f3 Ne5 14. Be2 Be7 15.
fxe4 Bxh4 16. Bd2 Rad8 17. Bc3 Bg3 18. Rf5 Ng6 19. Bc4 Rd7 20. e5 Re7 21. Bb4 Rfe8 22.
Bxe7 Rxe7 23. Rd1 h6 24. Rd8+ Kh7 25. Rxf7 Rxe5 26. Rf3 Bh4 27. Rc8 Re7 28. Bg8+ Kh8 29. Bd5+ Kh7 30. Bxb7 Bf6 31. b3 Ne5 32. Be4+ g6 33.
Rxf6 Kg7 34. Rff8 Nd7 35. Rfe8 Rf7 36. Rg8+ 1-0

[Event "*** Titled Tuesday Blitz"]
[Site "Chess.com"]
[Date "2021.04.06"]
[Round "6"]
[White "CrushingKings"]
[Black "TosicSrecko"]
[Result "1-0"]
[WhiteElo "2470"]
[BlackElo "2315"]
[TimeControl "180+1"]
[EndTime "11:08:15 PDT"]
[Termination "CrushingKings won by resignation"]

1. e4 e6 2. Nf3 d5 3. Nc3 d4 4. Ne2 c5 5. Ng3 Nc6 6. Bc4 Bd6 7. a4 Nge7 8. O-O O-O 9. d3 Kh8 10. Ng5 h6 11. Qh5 Ne5 12. Bb3 Qe8 13. f4 Nd7 14.
Bc4 Ng8 15. Bxe6 fxe6 16. Qxe8 Rxe8 17. Nf7+ Kh7 18. Nxd6 Rf8 19. f5 e5 20. Bd2 Ngf6 21.
c3 b6 22. Nxc8 Raxc8 23. Rfc1 c4 24. cxd4 cxd3 25. Bb4 Rfe8 26. d5 Nc5 27. Bxc5 bxc5 28. Ra3 c4 29. Rac3 Rb8 30. Rxc4 Rxb2 31. Rd1 d2 32.
Kf2 Reb8 33. Ke2 h5 34. Nf1 R8b4 35. Rxb4 Rxb4 36. Nxd2 Rxa4 37. d6 Kg8 38. Rb1 Nxe4 39.
d7 Nc3+ 40. Ke1 Rd4 41. Rb8+ Kh7 42. d8=Q 1-0

[Event "*** Titled Tuesday Blitz"]
[Site "Chess.com"]
[Date "2021.04.06"]
[Round "6"]
[White "Trankuilizer"]
[Black "Grieve72"]
[Result "0-1"]
[WhiteElo "2584"]
[BlackElo "2502"]
[TimeControl "180+1"]
[EndTime "11:08:16 PDT"]
[Termination "Grieve72 won on time"]

1. e4 c5 2. c3 Nf6 3. e5 Nd5 4.
d4 cxd4 5. Nf3 e6 6. cxd4 d6 7. Bc4 Be7 8. O-O O-O 9. Qe2 b6 10. Rd1 Bb7 11. a3 Nd7 12. Bd3 dxe5 13. dxe5 Nc5 14.
Bc2 Qc7 15. Ng5 Bxg5 16. Bxg5 Nd7 17. f4 Qc5+ 18. Kh1 Ne3 19. Rc1 Bxg2+ 20. Kg1 Nxc2+ 21. Kxg2 Ne3+ 22. Kf3 Qxc1 23. Qxe3 Qxb2 24. Qc3 Qxh2 25.
Qd2 Qh3+ 26. Kf2 Nc5 27. Qe3 Qh2+ 28. Kf1 h6 29. Be7 Rfc8 30. Nd2 Qh1+ 31. Qg1 Qxg1+ 32. Kxg1 Nd3 0-1

[Event "*** Titled Tuesday Blitz"]
[Site "Chess.com"]
[Date "2021.04.06"]
[Round "6"]
[White "scandalgod"]
[Black "mitrabhaa"]
[Result "1-0"]
[WhiteElo "2566"]
[BlackElo "2732"]
[TimeControl "180+1"]
[EndTime "11:08:17 PDT"]
[Termination "scandalgod won by resignation"]

1. d4 Nf6 2. c4 c5 3. d5 b5 4. cxb5 a6 5. Nc3 axb5 6. e4 b4 7.
Nb5 d6 8. Bf4 Nbd7 9. Nf3 Nh5 10. Bg5 Qb6 11. Nd2 g6 12. Nc4 Qb8 13. a4 bxa3 14.
bxa3 Ba6 15. Rb1 Bxb5 16. Rxb5 Qa7 17. Qb3 Rb8 18. Be2 h6 19. Bd2 Nhf6 20. Rxb8+ Nxb8 21. Qb5+ Nbd7 22. Qc6 Qb8 23. O-O Bg7 24. e5 dxe5 25.
Nxe5 O-O 26. Nxd7 Nxd7 27. Qxd7 Qb2 28. Rd1 Qc2 29. Qxe7 Rb8 30. d6 Bf8 31. Qc7 Qb3 32. d7 Be7 33. Be3 Bd8 34. Qxc5 Qa2 35. Qd6 Rb2 36.
Bf1 Rc2 37. Bc5 Rxc5 38. Qxc5 Qb3 39. Qc8 1-0

[Event "*** Titled Tuesday Blitz"]
[Site "Chess.com"]
[Date "2021.04.06"]
[Round "6"]
[White "rquery98"]
[Black "Natalya_Buksa"]
[Result "1-0"]
[WhiteElo "2650"]
[BlackElo "2508"]
[TimeControl "180+1"]
[EndTime "11:08:17 PDT"]
[Termination "rquery98 won by resignation"]

1. Nf3 d5 2. g3 Nf6 3. Bg2 e6 4. O-O Be7 5. d3 O-O 6. Nbd2 c5 7. e4 Nc6 8. e5 Nd7 9. Re1 b5 10. Nf1 Bb7 11. h4 d4 12. Bf4 Nb4 13. N1h2 Kh8 14. h5 a5 15. h6 g6 16. Ng4 Ra6 17. Qc1 Kg8 18. a3 Nd5 19. Bg5 f6 20. exf6 N7xf6 21.
Nge5 Ba8 22. Qd2 Nd7 23. Bxe7 Qxe7 24. Nxd7 Qxd7 25. Ne5 Qe7 26. Re2 Kh8 27. Rae1 Re8 28. c4 dxc3 29. bxc3 Qf8 30. c4 bxc4 31. dxc4 Nf6 32.
Bxa8 Raxa8 33. Qc3 Kg8 34. Nf3 Ng4 35. Rxe6 Rxe6 36. Rxe6 Nxh6 37. Qe3 Nf5 38. Qe5 Ng7 39. Rf6 Qd8 40. Ng5 Ra7 41. Rd6 Qe8 42. Qd5+ Kh8 43.
Rd8 1-0

[Event "*** Titled Tuesday Blitz"]
[Site "Chess.com"]
[Date "2021.04.06"]
[Round "6"]
[White "shnitez"]
[Black "Leonid_Starozhilov"]
[Result "0-1"]
[WhiteElo "2500"]
[BlackElo "2730"]
[TimeControl "180+1"]
[EndTime "11:08:18 PDT"]
[Termination "Leonid_Starozhilov won on time"]

1. c4 Nf6 2. Nc3 g6 3. e4 d6 4. d4 Bg7 5. Nf3 Bg4 6. Be2 O-O 7. O-O a6 8. Be3 Nfd7 9. Nd2 Bxe2 10. Qxe2 Nc6 11.
Nb3 a5 12. d5 Nb4 13. Qd2 a4 14. Nd4 a3 15. b3 c6 16. Rad1 Nc5 17. f3 Qa5 18. Kh1 Rfe8 19. Nde2 Rac8 20. Bd4 Bf8 21. Ng3 e6 22. dxe6 Rxe6 23. f4 Bh6 24. Qe2 Rce8 25. f5 R6e7 26. Qg4 Nc2 27. fxg6 hxg6 28. Bf6 Ne3 29. Qh4 Bg7 30. Bxe7 Nxf1 31. Rxf1 Qxc3 32. Bxd6 Ne6 33. Bf4 Qd3 34. Bg5 Nd4 35. Bf6 Ne2 0-1

[Event "*** Titled Tuesday Blitz"]
[Site "Chess.com"]
[Date "2021.04.06"]
[Round "6"]
[White "Durarbayli"]
[Black "Artyom_ChessMate"]
[Result "1-0"]
[WhiteElo "2735"]
[BlackElo "2535"]
[TimeControl "180+1"]
[EndTime "11:08:18 PDT"]
[Termination "Durarbayli won on time"]

1. e4 c5 2. Nf3 d6 3. d4 cxd4 4. Nxd4 Nf6 5. Nc3 g6 6. Be3 Bg7 7. f3 O-O 8. Qd2 Nc6 9. Bc4 Bd7 10. g4 Rc8 11. Be2 Ne5 12. O-O-O Nc4 13. Bxc4 Rxc4 14. Kb1 Re8 15. h4 b5 16. b3 Rc8 17. h5 b4 18.
Nd5 e6 19. Nxf6+ Qxf6 20. hxg6 fxg6 21. Qh2 Kf7 22. Qxd6 Red8 23. Rxh7 Bb5 24. Qxb4 Rb8 25. Bh6 Be2 26. Bxg7 Rxb4 27. Bxf6+ Kxf6 28. g5+ Kxg5 29. Nxe6+ Kf6 30. Rxd8 Kxe6 31. Rxa7 Bxf3 32. Ra6+ Ke7 33. Rg8 Bxe4 34. Rgxg6 1-0

[Event "*** Titled Tuesday Blitz"]
[Site "Chess.com"]
[Date "2021.04.06"]
[Round "6"]
[White "Hasangatin_Ramil"]
[Black "fyall777"]
[Result "1-0"]
[WhiteElo "2586"]
[BlackElo "2440"]
[TimeControl "180+1"]
[EndTime "11:08:18 PDT"]
[Termination "Hasangatin_Ramil won on time"]

1. e4 Nf6 2. d3 e5 3. Nf3 Nc6 4.
g3 d5 5. Nbd2 Bc5 6. Bg2 O-O 7.
O-O a5 8. c3 dxe4 9. Nxe4 a4 10. Nxc5 Re8 11. Nxa4 e4 12. Nd4 Nxd4 13. cxd4 Qxd4 14.
Nc3 exd3 15. Be3 Qd6 16. Bf4 Qd4 17. Nb5 Qc5 18. Nxc7 Bg4 19. Qb3 Be2 20. Nxa8 Rxa8 21.
Rfc1 Qf5 22. Qxb7 Re8 23. a4 g5 24. Be3 Ng4 25. Qb5 Re5 26. Qb8+ Kg7 27. Bd4 d2 28.
Rf1 Bxf1 29. Rxf1 f6 30. Bxe5 Nxe5 31. Qb3 Nd3 32. Qc3 d1=Q 33. Rxd1 Qxf2+ 34. Kh1 Ne5 35. Rf1 Qe2 36. h3 1-0

[Event "*** Titled Tuesday Blitz"]
[Site "Chess.com"]
[Date "2021.04.06"]
[Round "6"]
[White "Agibileg"]
[Black "OlifantCZ"]
[Result "1-0"]
[WhiteElo "2562"]
[BlackElo "2300"]
[TimeControl "180+1"]
[EndTime "11:08:18 PDT"]
[Termination "Agibileg won by resignation"]

1. d4 Nf6 2. c4 g6 3. Nc3 Bg7 4. e4 O-O 5. Be2 c5 6. d5 d6 7.
Nf3 e6 8. O-O exd5 9. exd5 Bg4 10. Bf4 Na6 11. h3 Bxf3 12. Bxf3 Nc7 13. Re1 h6 14. Qd2 Kh7 15. Re2 Qd7 16. Rae1 Rae8 17. b3 Rxe2 18. Rxe2 Re8 19. Rxe8 Ncxe8 20. Qe3 a6 21.
Ne4 Nxe4 22. Qxe4 Nf6 23. Qe3 b5 24. Qe1 b4 25. Qe3 a5 26. Be2 Bf8 27. Bd3 a4 28. Kh2 a3 29. Kg1 Qe7 30. Bxh6 Qxe3 31. Bxe3 Nd7 32. Bf4 Ne5 33. Bxe5 dxe5 34. g4 f6 35. Kg2 Kg7 36. h4 Kf7 37. Kf3 Bh6 38. h5 gxh5 39. gxh5 Bd2 40. Bg6+ Ke7 41. Ke4 Be1 42. h6 Kf8 43. d6 Bxf2 44. d7 f5+ 45. Bxf5 Bh4 46. h7 Kg7 47. Kd5 Be7 48. Ke6 Bd8 49. Kd6 1-0

[Event "*** Titled Tuesday Blitz"]
[Site "Chess.com"]
[Date "2021.04.06"]
[Round "6"]
[White "paulrusan"]
[Black "Vamostodorecto"]
[Result "0-1"]
[WhiteElo "2283"]
[BlackElo "2447"]
[TimeControl "180+1"]
[EndTime "11:08:18 PDT"]
[Termination "Vamostodorecto won on time"]

1. e4 e5 2. f4 exf4 3. Nf3 Be7 4. Bc4 Bh4+ 5. g3 fxg3 6. O-O g2 7. Kxg2 d5 8. Bxd5 Nf6 9. Bxf7+ Kxf7 10. Nxh4 Rf8 11.
Nc3 Kg8 12. d3 Bg4 13. Qe1 Qd7 14. Nf5 Nc6 15. Bg5 Rae8 16. Qh4 Bxf5 17. Rxf5 Nd4 18. Rf2 Ng4 19. Rxf8+ Rxf8 20. Rf1 Rxf1 21. Kxf1 Qf7+ 22.
Kg2 Qf3+ 23. Kg1 Nxc2 24. Qg3 Nd4 25. Bf4 Ne2+ 26. Nxe2 Qxe2 27. h3 Qd1+ 28. Kg2 Qe2+ 29. Kg1 Nf6 30. Be5 Nh5 31. Qg5 h6 32. Qg4 Qxg4+ 33.
hxg4 Nf6 34. Bxf6 gxf6 35. Kf2 Kf7 36. Kf3 Ke6 37. Kf4 c5 38. b3 b6 39. Kf3 Ke5 40.
Ke3 b5 0-1

[Event "*** Titled Tuesday Blitz"]
[Site "Chess.com"]
[Date "2021.04.06"]
[Round "6"]
[White "GMJustin"]
[Black "cukin84"]
[Result "1/2-1/2"]
[WhiteElo "2282"]
[BlackElo "2096"]
[TimeControl "180+1"]
[EndTime "11:08:18 PDT"]
[Termination "Game drawn by repetition"]

1. d4 f5 2. Bf4 Nf6 3. e3 d6 4. Nc3 Nc6 5. d5 Ne5 6. Nf3 Nf7 7. Bb5+ Bd7 8. Nd4 g6 9. Ne6 Qc8 10. Bxd7+ Qxd7 11. h3 Nd8 12. Nxf8 Rxf8 13. a4 c6 14. Qd3 cxd5 15. Nxd5 Nc6 16. a5 Nxd5 17. Qxd5 Nb4 18. Qc4 Nc6 19. c3 Rc8 20. Qe2 Ne5 21. Bxe5 dxe5 22. O-O Kf7 23. Rfd1 Qe6 24. Qb5 Kg7 25. Rd7 b6 26. axb6 axb6 27. Raa7 Rf7 28. Rdb7 f4 29. Rxb6 Qf5 30. exf4 Qxf4 31. Qe2 Qc1+ 32. Kh2 Qf4+ 33.
Kg1 Qc1+ 34. Kh2 Qf4+ 35. g3 Qxf2+ 36. Qxf2 Rxf2+ 37. Kg1 Rcf8 38. Rxe7+ Kh6 39. g4 Kg5 40. Rxe5+ Kh4 41. Re1 Kxh3 42. Rbe6 Rg2+ 43. Kh1 Rh2+ 44. Kg1 Rg2+ 45. Kh1 Rh2+ 46. Kg1 Rg2+ 1/2-1/2

[Event "*** Titled Tuesday Blitz"]
[Site "Chess.com"]
[Date "2021.04.06"]
[Round "6"]
[White "DKmirl"]
[Black "ajedrez1101"]
[Result "1/2-1/2"]
[WhiteElo "1947"]
[BlackElo "2117"]
[TimeControl "180+1"]
[EndTime "11:08:18 PDT"]
[Termination "Game drawn by repetition"]

1. d4 b6 2. c4 Bb7 3. Nf3 e6 4. g3 Bb4+ 5. Bd2 Be7 6. Bg2 Nf6 7. O-O O-O 8. Nc3 d5 9. cxd5 Nxd5 10. Nxd5 Bxd5 11.
Re1 c5 12. e4 Bb7 13. Bc3 cxd4 14. Qxd4 Qxd4 15. Nxd4 Nd7 16. e5 Bxg2 17. Kxg2 Rfc8 18.
Rad1 Nc5 19. Nb5 a6 20. Nd6 Rd8 21. Bb4 Bxd6 22. exd6 Rd7 23. Bxc5 bxc5 24. Re5 Rc8 25. Rc1 g6 26. Rexc5 Rxc5 27. Rxc5 Rxd6 28. Ra5 Rb6 29. b3 Kf8 30. Kf3 Ke7 31. Ke4 Kd6 32. Kd4 f6 33. f4 h5 34. h3 Rc6 35. g4 hxg4 36. hxg4 Rb6 37. Ra4 e5+ 38. fxe5+ fxe5+ 39. Ke4 Ke6 40. g5 Rd6 41. Ra5 Rd4+ 42. Ke3 Rd6 43. Ke4 Rd4+ 44.
Ke3 Rd6 45. Ke4 1/2-1/2

[Event "*** Titled Tuesday Blitz"]
[Site "Chess.com"]
[Date "2021.04.06"]
[Round "6"]
[White "maximnovik"]
[Black "NikolaGry"]
[Result "1/2-1/2"]
[WhiteElo "2573"]
[BlackElo "2707"]
[TimeControl "180+1"]
[EndTime "11:08:20 PDT"]
[Termination "Game drawn by repetition"]

1. Nf3 c5 2. g3 b6 3. Bg2 Bb7 4. O-O Nf6 5. d3 g6 6. e4 d6 7. c4 Bg7 8. Nc3 O-O 9. Ne1 Nc6 10. f4 a6 11. Be3 b5 12. cxb5 axb5 13. Nxb5 Qb6 14. Na3 Qxb2 15. Nc4 Qb5 16. Rb1 Qa6 17. e5 Nd7 18. exd6 Rfe8 19. Qb3 Rab8 20. Qb5 Qa8 21. Bf2 Qxa2 22. Bxc6 Bxc6 23. Qxc6 Qxb1 24. Qxd7 Rbd8 25.
Qc7 exd6 26. Nxd6 Rf8 27. Bxc5 Qc1 28. Nf3 Qc2 29. Ne5 Ra8 30. Ndxf7 Ra2 31. Rf2 Qd1+ 32.
Kg2 Rxf2+ 33. Bxf2 Qb3 34. Ng5 Qd5+ 35. Ne4 Bxe5 36. fxe5 Qxd3 37. Qc6 Qf3+ 38. Kg1 Qd1+ 39. Kg2 Qf3+ 40. Kg1 Qd1+ 41. Kg2 Qf3+ 1/2-1/2